 Dungeon Crawl Stone Soup version 0.28.0-53-g5a82cb258f (webtiles) character file.

Game seed: 12656356544701455898

10 styxcanada the Sneak (level 2, 0/14 HPs)
             Began as a Spriggan Brigand on June 1, 2022.
             Succumbed to a kobold's poison
             ... on level 1 of the Dungeon.
             The game lasted 00:01:44 (517 turns).

styxcanada the Sneak (Spriggan Brigand)              Turns: 517, Time: 00:01:46

Health: 0/14       AC:  3    Str:  7    XL:     2   Next: 10%
Magic:  3/3        EV: 16    Int: 12    God:
Gold:   0          SH:  0    Dex: 16    Spells: 1/1 levels left

rFire   . . .      SeeInvis +   a - +2 dagger
rCold   . . .      Faith    .   (no shield)
rNeg    . . .      Spirit   .   b - +0 robe
rPois   .          Reflect  .   (helmet restricted)
rElec   .          Harm     .   c - +0 cloak
rCorr   .          Rampage  .   (gloves unavailable)
Will    .....                   (boots unavailable)
Stlth   +++.......              (no amulet)
HPRegen 0.04/turn               (no ring)
MPRegen 0.08/turn               (no ring)

@: lethally poisoned (0 -> -5), very quick
A: very small, no large weapons, unfitting armour, see invisible, speed 3
a: no special abilities


You were on level 1 of the Dungeon.
You visited 1 branch of the dungeon, and saw 1 of its levels.

Inventory:

Hand Weapons
 a - a +2 dagger (weapon)
Missiles
 d - 7 poisoned darts (quivered)
 e - 2 curare-tipped darts
 f - 25 sling bullets
 k - 51 stones
Armour
 b - a +0 robe (worn)
 c - a +0 cloak (worn)
Scrolls
 g - 3 scrolls of identify {unknown}
 j - a scroll of immolation {unknown}
 l - a scroll of noise {unknown}
Potions
 h - a potion of attraction {unknown}
 i - a potion of degeneration {unknown}


   Skills:
 * Level 1.5 Fighting
 + Level 2.2 Short Blades
 + Level 2.1 Throwing
 * Level 1.6 Dodging
 * Level 6.4 Stealth
 * Level 0.4 Spellcasting


You had one spell level left.
You didn't know any spells.
Your spell library contained the following spells:

 Spells                   Type           Power      Damage    Failure   Level
 Ensorcelled Hibernation  Hex/Ice        0%         N/A       43%         2
 Passwall                 Tmut/Erth      0%         N/A       43%         2
 Swiftness                Air            0%         N/A       67%         3


Dungeon Overview and Level Annotations

Branches:
Dungeon (1/15)

Altars:


Innate Abilities, Weirdness & Mutations

You are very small and have problems with some larger weapons.
You are too small for most types of armour.
You have supernaturally acute eyesight. (SInv)
You cover ground extremely quickly. (Speed+++)


Message History

The ball python hisses angrily.
The ball python bites you. The ball python barely misses you.
You hit the ball python.
The ball python is severely wounded.
The ball python misses you. The ball python barely misses you.
You hit the ball python.
You kill the ball python!
You see here a ball python corpse.
A quokka comes into view.
Found 4 poisoned darts.
The kobold shouts!
You hit the kobold but do no damage. The kobold misses you.
You hit the kobold but do no damage.
The kobold hits you with a +0 short sword of venom.
You are lethally poisoned!
You hit the kobold.
The kobold is severely wounded.
You feel very sick. The quokka misses you.
You barely miss the kobold.
The kobold is severely wounded.
You feel sick.
The kobold hits you with a +0 short sword of venom.
The quokka misses you.
You completely miss the kobold.
The kobold is severely wounded.
* * * LOW HITPOINT WARNING * * *
You feel sick. The kobold barely misses you. The quokka barely misses you.
* * * LOW HITPOINT WARNING * * *
You feel sick.
The kobold throws a stone.
The stone closely misses you.
* * * LOW HITPOINT WARNING * * *
You feel sick.
* * * LOW HITPOINT WARNING * * *
You feel sick.
Throw: 8 darts (poison)
Press: ? - help, Q - select action, (/) - cycle Shift-Dir - straight line, f - quokka
Aim: a quokka (50% to hit)
You throw a poisoned dart.
The poisoned dart barely misses the quokka.
You die...

.##.####.# #.#
...)####.###.######
####
.##.##.......##...
..(.
###.##.#.######..#
..... ........>#
#....####......
###.##.###
#.#............
.......#
#..†.####......
###.####
#......K....... #
#.# #.##@.r....(...
##.##
#.#######.#####
#...# ###.### ..
#...# ##.....# ##
#...# ##......#
##...####..)....#
................#
................#
................#


You could see a quokka and a kobold.

Vanquished Creatures
  A ball python (D:1)
  2 giant cockroaches (D:1)
  3 goblins (D:1)
  2 kobolds (D:1)
  A rat (D:1)
9 creatures vanquished.

Notes
Turn   | Place    | Note
-------+----------+-------------------------------------------
     0 | D:1      | styxcanada the Spriggan Brigand began the quest for the
                  | Orb.
     0 | D:1      | Reached XP level 1. HP: 10/10 MP: 2/2
    22 | D:1      | Reached skill level 6 in Stealth
   374 | D:1      | Reached XP level 2. HP: 14/14 MP: 3/3
   517 | D:1      | Succumbed to a kobold's poison

Illustrated notes

Levels and vault maps discovered:
D:1:      eino_arrival_druids_welcome, layout_loops_cross

Skill      XL: |  1 |
---------------+----+-----
Stealth        | 6 |  6.4
Fighting       | |  1.5
Short Blades   | |  2.2
Throwing       | |  2.1
Dodging        | |  1.6
Spellcasting   | |  0.4

Action                   || total
-------------------------++-------
Melee: Dagger            ||    20
Throw: Dart              ||     5
 Stab: Sleeping          ||     4
Dodge: Dodged            ||    13
